 Dungeon Crawl Stone Soup version 0.24-b1-44-g37ad8b309f (webtiles) character file.

Game seed: 11296203944392891258, levelgen mode: deterministic

57 GordonOverkill the Skirmisher (level 4, -2/29 HPs)
             Began as a Gargoyle Berserker on Oct 23, 2019.
             Was a Believer of Trog.
             Slain by an iguana (11 damage)
             ... on level 3 of the Dungeon.
             The game lasted 00:03:44 (2096 turns).

GordonOverkill the Skirmisher (Gargoyle Berserker)  Turns: 2096, Time: 00:03:45

Health: -2/29      AC:  9    Str: 22    XL:     4   Next: 0%
Magic:  4/4        EV: 11    Int:  7    God:    Trog [**....]
Gold:   55         SH:  0    Dex:  9    Spells: 3/3 levels left

rFire    . . .     SeeInvis .   a - +0 hand axe
rCold    . . .     Gourm    .   (no shield)
rNeg     + . .     Faith    .   i - +0 ring mail
rPois    ∞         Spirit   .   (no helmet)
rElec    +         Reflect  .   (no cloak)
rCorr    .         Harm     .   (no gloves)
MR       +....                  (no boots)
Stlth    ..........             (no amulet)
HPRegen  0.09/turn              g - ring of protection from magic
MPRegen  0.09/turn              (no ring)

@: no status effects
A: negative energy resistance 1, electricity resistance, unbreathing,
petrification resistance, rot immunity, AC +3
a: Berserk, Trog's Hand, Renounce Religion


You were on level 3 of the Dungeon.
You worshipped Trog.
Trog was pleased with you.
You were not hungry.

You visited 1 branch of the dungeon, and saw 4 of its levels.

You collected 55 gold pieces.

Inventory:

Hand Weapons
 a - a +0 hand axe (weapon)
Missiles
 c - 96 stones (quivered)
Armour
 i - a +0 ring mail (worn)
Jewellery
 g - a ring of protection from magic (left hand)
Scrolls
 b - 2 scrolls of amnesia {unknown}
 d - 3 scrolls of identify {unknown}
 h - a scroll of enchant weapon {unknown}
 k - a scroll of remove curse {unknown}
 l - a scroll of enchant armour {unknown}
 m - a scroll of random uselessness {unknown}
 p - a scroll of fog {unknown}
Potions
 f - a potion of degeneration {unknown}
 j - 2 potions of agility {unknown}
 n - a potion of lignification {unknown}
 o - a potion of mutation {unknown}
Comestibles
 e - 4 rations


   Skills:
 + Level 3.9 Fighting
 + Level 3.1 Axes
 + Level 2.9 Armour
 + Level 2.2 Dodging


You had 3 spell levels left.
You didn't know any spells.
Your spell library was empty.

Dungeon Overview and Level Annotations

Branches:
Dungeon (4/15)
 Temple: D:4-7

Altars:


Innate Abilities, Weirdness & Mutations

You are resistant to torment.
Your stone body is resilient. (AC +3)
You are immune to poison.
You resist negative energy. (rN+)
You are resistant to electric shocks. (rElec)
You can survive without breathing.
You are immune to petrification.
You are immune to rotting.


Message History

The goblin hits you but does no damage. The iguana bites you!
* * * LOW HITPOINT WARNING * * *
The goblin barely misses you.
You hit the iguana.
The iguana is lightly wounded.
You hit the goblin but do no damage.
The iguana bites you but does no damage.
The goblin barely misses you.
You hit the iguana.
The iguana is moderately wounded.
You hit the goblin.
You kill the goblin!
Trog accepts your kill.
You have reached level 4!
You feel stronger. The iguana closely misses you.
Okay, then.
You eat one of the 5 rations.
That ration really hit the spot!
The iguana bites you!
You die...

#.#
####+##.#
......#.#
......#.#
........#
........#
......)l#
## #@# ..
### ..
##..
###...
..#.#
#.#.#
#.#.##
#.#...
###.####


You could see an iguana.

Vanquished Creatures
  2 adders (D:2)
  An ooze (D:1)
  A worm (D:2)
  A dart slug (D:1)
  A leopard gecko (D:2)
  2 giant cockroaches (D:1)
  3 goblins
  3 hobgoblins
  5 bats
  5 frilled lizards
  7 kobolds
  2 rats (D:1)
33 creatures vanquished.

Notes
Turn   | Place    | Note
-------+----------+-------------------------------------------
     0 | D:1      | GordonOverkill the Gargoyle Berserker began the quest for
                  | the Orb.
     0 | D:1      | Reached XP level 1. HP: 14/14 MP: 1/1
   229 | D:1      | Reached XP level 2. HP: 18/19 MP: 2/2
   602 | D:1      | Reached ** piety under Trog
   602 | D:1      | Reached XP level 3. HP: 23/23 MP: 3/3
  2079 | D:3      | You fall into a shaft and drop 1 floor!
  2095 | D:3      | Reached XP level 4. HP: 9/29 MP: 4/4
  2096 | D:3      | Slain by an iguana

Skill      XL: |  1  2  3 |
---------------+----------+-----
Axes           | 3 |  3.1
Dodging        | 2 |  2.2
Fighting       | |  3.9
Armour         | |  2.9

Action                   |  1- 3 |  4- 6 || total
-------------------------+-------+-------++-------
Melee: Hand axe          |   118 |       ||   118
Invok: Berserk           |     2 |       ||     2
  Eat: Chunk             |     4 |       ||     4
       Ration            |       |     1 ||     1
Armor: Animal skin       |    20 |       ||    20
       Ring mail         |    51 |       ||    51
Dodge: Dodged            |    86 |     1 ||    87
